 Dungeon Crawl Stone Soup version 0.21.1-1-g345015f (webtiles) character file.

4 dstrtnsr the Grave Robber (level 1, -2/18 HPs)
             Began as an Ogre Necromancer on May 12, 2018.
             Slain by a kobold (4 damage)
             ... on level 1 of the Dungeon.
             The game lasted 00:01:02 (151 turns).

dstrtnsr the Grave Robber (Ogre Necromancer)         Turns: 151, Time: 00:01:02

Health: -2/18      AC:  3    Str: 11    XL:     1   Next: 70%
Magic:  1/3        EV: 10    Int: 16    God:
Gold:   0          SH:  0    Dex:  9    Spells: 3/4 levels left

rFire    . . .     SeeInvis .   (no weapon)
rCold    . . .     Gourm    .   (no shield)
rNeg     . . .     Faith    .   a - +0 robe
rPois    .         Spirit   .   (helmet restricted)
rElec    .         Reflect  .   (no cloak)
rCorr    .         Harm     .   (gloves unavailable)
MR       .....                  (boots unavailable)
Stlth    +.........             d - amulet of magic regeneration
HPRegen  0.06/turn              (no ring)
MPRegen  0.33/turn              (no ring)

@: no status effects
A: large, unfitting armour, tough skin 1
a: no special abilities


You were on level 1 of the Dungeon.
You were not hungry.

You visited 1 branch of the dungeon, and saw 1 of its levels.

Inventory:

Armour
 a - a +0 robe (worn)
Jewellery
 d - an amulet of magic regeneration (around neck)
Scrolls
 c - a scroll of amnesia {unknown}
Books
 b - a book of Necromancy

   Spells                             Type                      Level
   a - Pain                           Necromancy                   1
   b - Animate Skeleton               Necromancy                   1
   c - Vampiric Draining              Necromancy                   3
   d - Regeneration                   Charms/Necromancy            3
   e - Animate Dead                   Necromancy                   4
   f - Borgnjor's Vile Clutch         Necromancy/Earth             5
Comestibles
 w - a ration {!d}


   Skills:
 + Level 0.7 Fighting
 - Level 1.7 Dodging
 - Level 1.4 Stealth
 * Level 0.7 Unarmed Combat
 - Level 2.4 Spellcasting
 - Level 3.6 Necromancy


You had 3 spell levels left.
You knew the following spells:

 Your Spells              Type           Power        Failure   Level  Hunger
a - Pain                  Necr           ##..         4%          1    #......


Dungeon Overview and Level Annotations

Branches:
Dungeon (1/15)

Altars:


Innate Abilities, Weirdness & Mutations

You are too large for most types of armour.
You have tough skin. (AC +1)


Message History

The jackal is moderately wounded.
The jackal bites you but does no damage.
You hit the jackal.
The jackal is heavily wounded.
The jackal barely misses you.
You barely miss the jackal.
The jackal is heavily wounded.
The jackal bites you. x2
Damage: -11%(-2hp) hp: 89%(16hp)
You barely miss the jackal.
The jackal is heavily wounded.
The jackal bites you.
Damage: -11%(-2hp) hp: 78%(14hp)
You barely miss the jackal.
The jackal is moderately wounded.
The jackal barely misses you.
You barely miss the jackal.
The jackal is moderately wounded.
The jackal bites you but does no damage.
The jackal closely misses you.
You hit the jackal.
The jackal is heavily wounded.
The jackal bites you.
Damage: -5%(-1hp) hp: 73%(13hp)
You hit the jackal but do no damage.
The jackal is heavily wounded.
The jackal closely misses you. The jackal barely misses you.
You barely miss the jackal.
The jackal is heavily wounded.
The jackal closely misses you.
You closely miss the jackal.
The jackal is heavily wounded.
The jackal bites you but does no damage.
You hit the jackal.
The jackal is almost dead.
The jackal barely misses you. x2
You closely miss the jackal.
The jackal is almost dead.
The jackal bites you.
Damage: -6%(-1hp) hp: 67%(12hp)
You closely miss the jackal.
The jackal is almost dead.
The jackal bites you but does no damage.
The jackal misses you.
You barely miss the jackal.
The jackal is almost dead.
The jackal bites you.
Damage: -11%(-2hp) hp: 56%(10hp)
You closely miss the jackal.
The jackal is almost dead.
The jackal bites you.
* * * LOW HITPOINT WARNING * * *
Damage: -6%(-1hp) hp: 50%(9hp)
Casting: Pain
Confirm with . or Enter, or press ? or * to list all spells.
Aiming: Pain
Press: ? - help, Shift-Dir - straight line, f - jackal
Aim: a jackal (almost dead, chance to defeat MR: 83%)
The jackal writhes in agony!
You kill the jackal!
The jackal closely misses you.
Casting: Pain
Confirm with . or Enter, or press ? or * to list all spells.
Aiming: Pain
Press: ? - help, Shift-Dir - straight line, f - jackal
Aim: a jackal (chance to defeat MR: 83%)
The jackal writhes in agony!
The jackal barely misses you.
Damage: -5%(-1hp) hp: 45%(8hp)
Casting: Pain
Confirm with . or Enter, or press ? or * to list all spells.
Aiming: Pain
Press: ? - help, Shift-Dir - straight line, f/p - jackal
Aim: a jackal (heavily wounded, chance to defeat MR: 83%)
The jackal writhes in agony!
You kill the jackal!
Damage: -6%(-1hp) hp: 39%(7hp)
A dart slug comes into view.
Casting: Pain
Confirm with . or Enter, or press ? or * to list all spells.
Aiming: Pain
Press: ? - help, Shift-Dir - straight line, f - dart slug
Aim: a dart slug (clinging, chance to defeat MR: 83%)
The dart slug barely resists.
The kobold hits you but does no damage.
Damage: -5%(-1hp) hp: 34%(6hp) Unknown command.
Casting: Pain
Confirm with . or Enter, or press ? or * to list all spells.
Aiming: Pain
Press: ? - help, Shift-Dir - straight line, f/p - dart slug
Aim: a dart slug (clinging, chance to defeat MR: 83%)
The dart slug writhes in agony!
The kobold hits you.
* * * LOW HITPOINT WARNING * * *
Huge Dmg: -17%(-3hp) hp: 17%(3hp)
Casting: Pain
Confirm with . or Enter, or press ? or * to list all spells.
Aiming: Pain
Press: ? - help, Shift-Dir - straight line, f/p - dart slug
Aim: a dart slug (moderately wounded, clinging, chance to defeat MR: 83%)
The dart slug writhes in agony!
The kobold hits you.
You die...

#.# ####.............# #.# #...
#.............#..#####.#
####..#.######...............#
.....%..(†h...............#####
####....######.#####...........
#...## #h# ####...##### ......
#h# ##...# #.#...# #K# #.#.# #
#... #@# #.#.## ..... .......w#
.#...## ..... ....#....
##...#†## ## #.!... ##..##.)
#.....# #..#### #.....# #..# #
#.....# #..# ####.## #..# #..


You could see a dart slug, 2 jackals and a kobold.

Vanquished Creatures
  2 jackals (D:1)
  A kobold (D:1)
  A rat (D:1)
4 creatures vanquished.

Notes
Turn   | Place    | Note
-------+----------+-------------------------------------------
     0 | D:1      | dstrtnsr the Ogre Necromancer began the quest for the Orb.
     0 | D:1      | Reached XP level 1. HP: 16/16 MP: 3/3
   150 | D:1      | HP: 3/18 [kobold (2)]
   151 | D:1      | Slain by a kobold

Action                   || total
-------------------------++-------
Melee: Unarmed           ||    20
 Cast: Pain              ||     8
Armor: Robe              ||     8
Dodge: Dodged            ||    16
